 Dungeon Crawl Stone Soup version 0.29.1-15-g9cfb28693d (webtiles) character file.

Game seed: 13926332118655931572

1302 H0rd4k the Insei (level 8, 0/54 HPs)
             Began as an Octopode Artificer on Mar 6, 2023.
             Killed by divine providence
             ... invoked by an orc priest
              (10 damage)
             ... on level 7 of the Dungeon.
             The game lasted 00:07:33 (8082 turns).

H0rd4k the Insei (Octopode Artificer)               Turns: 8082, Time: 00:07:34

Health: 0/54       AC:  1    Str: 12    XL:     8   Next: 57%
Magic:  13/13      EV: 13    Int: 15    God:
Gold:   184        SH:  0    Dex: 12    Spells: 14/14 levels left

rFire   x . .      SeeInvis .     - Unarmed
rCold   + . .      Faith    .   (no shield)
rNeg    . . .      Spirit   .   (helmet restricted)
rPois   .          Reflect  .   (no amulet)
rElec   .          Harm     .   m - ring of resist corrosion
rCorr   +          Rampage  .   b - ring of ice
Will    +....                   d - ring of willpower
Stlth   +++.......              (no ring)
HPRegen 0.18/turn               (no ring)
MPRegen 0.13/turn               (no ring)
                                (no ring)
                                (no ring)

@: no status effects
A: almost no armour, amphibious, 8 rings, camouflage 1, gelatinous body 1,
(nimble swimmer 1), tentacles
a: no special abilities


You were on level 7 of the Dungeon.
You visited 1 branch of the dungeon, and saw 7 of its levels.
You also visited: Sewer.

You collected 184 gold pieces.

Inventory:

Missiles
 x - 3 atropa-tipped darts
Magical Staves
 n - a staff of cold
Jewellery
 b - a ring of ice (right tentacle)
 d - a ring of willpower (on tentacle)
 m - a ring of resist corrosion (left tentacle)
Wands
 c - a wand of charming (4)
 v - a wand of flame (3)
Scrolls
 e - 2 scrolls of enchant weapon {unknown}
 f - a scroll of silence {unknown}
 j - a scroll of magic mapping {unknown}
 k - 4 scrolls of identify {unknown}
 o - a scroll of amnesia {unknown}
 q - a scroll of fear {unknown}
 t - a scroll of torment {unknown}
 u - 2 scrolls of enchant armour {unknown}
 w - a scroll of butterflies {unknown}
 y - a scroll of blinking {unknown}
 A - a scroll of poison {unknown}
Potions
 a - 4 potions of heal wounds {unknown}
 g - a potion of berserk rage {unknown}
 h - 2 potions of attraction {unknown}
 i - 2 potions of curing {unknown}
 l - 4 potions of lignification {unknown}
 p - 2 potions of mutation {unknown}
 r - 3 potions of haste
 s - 2 potions of magic {unknown}
 z - a potion of flight {unknown}


   Skills:
 * Level 4.7 Fighting
 - Level 2.3 Dodging
 - Level 1.3 Stealth
 + Level 7.6 Unarmed Combat
 * Level 3.9 Spellcasting
 - Level 3.2 Evocations


You had 14 spell levels left.
You didn't know any spells.
Your spell library contained the following spells:

 Spells                   Type           Power      Damage    Failure   Level
 Apportation              Tloc           4%         N/A       19%         1
 Ensorcelled Hibernation  Hex/Ice        8%         N/A       28%         2
 Spider Form              Tmut/Pois      2%         N/A       50%         3
 Anguish                  Hex/Necr       1%         N/A       88%         4
 Alistair's Intoxication  Tmut/Pois      1%         N/A       99%         5


Dungeon Overview and Level Annotations

Branches:
Dungeon (7/15)              Sewer (visited)
 Temple: D:4-7

Altars:
Cheibriados
Elyvilon
Qazlal
Vehumet
The Shining One
Lugonu

Shops:
D:1 [

Portals:
Abyss: D:3
Bailey: D:7

Annotations:
D:2 exclusion: downstairs
D:5 exclusions: ice beast and phantom
D:6 exclusions: wight and 1 more exclusion


Innate Abilities, Weirdness & Mutations

You cannot wear most types of armour.
You are amphibious.
You can wear up to eight rings at the same time.
Your skin changes colour to match your surroundings (Stealth+).
Your rubbery body absorbs attacks. (AC +1, EV +1)
((You are camouflaged when in or above water. (Stealth+)))
You have tentacles for arms and can constrict up to eight enemies at once.


Message History

You hear some strange, mumbled words.
A puff of flame appears from out of thin air!
Deactivating autopickup; reactivate with Ctrl-A.
The puff of flame hits you! The fire burns you terribly!
The orc priest calls down the wrath of Beogh upon you.
You closely miss something.
You tentacle-slap something but do no damage.
Your tentacle-slap misses something.
Something hits you.
Aiming: Charm
Press: ? - help, Shift-Dir - straight line, f - jelly
Aim: a jelly (chance to affect: 66%)
You detect the charmed orc wizard.
Reactivating autopickup.
The orc priest closely misses your orc wizard.
The jelly closely misses your orc wizard.
What are your orders? t - Shout!
Orders for allies: a - Attack new target. p - Attack previous target. r - Retreat! s - Stop attacking. g - Guard the area. f - Follow me.
Anything else - Cancel.
Guard this area!
You hear the faint creaking of a portcullis very nearby.
Your orc wizard hits the jelly with a +0 dagger.
Your orc wizard is burned by acid!
The jelly closely misses your orc wizard.
The orc priest misses your orc wizard.
Your orc wizard hits the jelly with a +0 dagger.
Your orc wizard is burned by acid!
The orc priest barely misses your orc wizard.
The jelly hits your orc wizard but does no damage.
You feel a bit more experienced.
You start resting.
An orc priest is nearby!
The orc priest mumbles some strange prayers to Beogh against you.
Beogh smites you!
* * * LOW HITPOINT WARNING * * *
The orc priest calls down the wrath of Beogh upon you.
Beogh smites you!
You die...

.........# #..#
oo.!..)..####.#
........>.....###
...?..!.........#
####...##..####.#
#... ##J####.#
#..? #oo....#
#...# ####...#
#... ##@o.#.#
...# ###.<###.#
#... #...## #.#
##### #.# #.# .#


You could see an orc priest.

Vanquished Creatures
  Edmund (D:4)
  3 ogres
  A scorpion (D:6)
  A howler monkey (D:6)
  6 jellies
  A hound (D:6)
  2 orc priests (D:6)
  Jessica (D:3)
  2 orc wizards (D:6)
  Natasha (twice) (D:3)
  2 iguanas (D:6)
  8 gnolls
  2 adders
  A river rat (Sewer)
  2 ufetubi
  A worm (D:3)
  3 dart slugs
  18 orcs
  17 endoplasms
  5 giant cockroaches
  10 goblins
  7 hobgoblins
  13 jackals
  3 kobolds
  3 quokkas
  9 ball pythons
  5 bats
  9 frilled lizards
  10 rats
  A lurking horror (D:3)
149 creatures vanquished.

Vanquished Creatures (collateral kills)
  A gnoll (D:5)
  A river rat (D:5)
  A quokka (D:5)
  A rat (D:5)
4 creatures vanquished.

Vanquished Creatures (others)
  A black bear (D:7)
  An orc warrior (D:7)
  A hound (D:5)
  An iguana (D:5)
  2 orc wizards (D:7)
  A gnoll (D:5)
  An adder (D:3)
  A river rat (D:5)
  A lurking horror (D:3)
  4 plants (D:1)
14 creatures vanquished.

Grand Total: 167 creatures vanquished

Notes
Turn   | Place    | Note
-------+----------+-------------------------------------------
     0 | D:1      | H0rd4k the Octopode Artificer began the quest for the Orb.
     0 | D:1      | Reached XP level 1. HP: 13/13 MP: 1/1
    60 | D:1      | Found a faded altar of an unknown god.
    63 | D:1      | Found Difigiyrch's Antique Armour Emporium.
    87 | D:1      | Reached XP level 2. HP: 13/18 MP: 1/3
    92 | D:1      | Reached skill level 1 in Spellcasting
   742 | D:1      | Reached XP level 3. HP: 23/24 MP: 4/4
   788 | D:1      | Reached skill level 1 in Unarmed Combat
  1978 | D:2      | Reached XP level 4. HP: 29/29 MP: 6/6
  2135 | D:3      | Found a corrupted altar of Lugonu.
  2135 | D:3      | Found a one-way gate to the infinite horrors of the Abyss.
  2514 | D:3      | Noticed Jessica
  2525 | D:3      | Killed Jessica
  2526 | D:3      | Reached skill level 2 in Unarmed Combat
  3240 | D:3      | Noticed Natasha
  3544 | D:3      | Found a white marble altar of Elyvilon.
  3907 | D:3      | Killed Natasha
  3908 | D:3      | Reached XP level 5. HP: 29/35 MP: 8/8
  4014 | D:3      | Reached skill level 3 in Unarmed Combat
  4170 | D:3      | Noticed Natasha
  4174 | D:3      | Killed Natasha
  4225 | D:3      | Found a stormy altar of Qazlal.
  4444 | D:4      | Reached XP level 6. HP: 33/41 MP: 9/9
  4625 | D:4      | Found a radiant altar of Vehumet.
  4630 | D:4      | Noticed Edmund
  4704 | D:4      | Killed Edmund
  4705 | D:4      | Reached skill level 4 in Unarmed Combat
  5127 | D:4      | Found a glowing golden altar of the Shining One.
  5177 | D:5      | Entered Level 5 of the Dungeon
  5245 | D:5      | Reached skill level 5 in Unarmed Combat
  5245 | D:5      | Reached XP level 7. HP: 26/46 MP: 11/11
  5468 | D:5      | Found a glowing drain.
  5472 | Sewer    | Entered a sewer
  5872 | Sewer    | Found a viscous altar of Jiyva.
  6348 | D:5      | Found a snail-covered altar of Cheibriados.
  6399 | D:5      | Reached skill level 6 in Unarmed Combat
  6679 | D:6      | Reached XP level 8. HP: 15/54 MP: 11/13
  7491 | D:6      | Reached skill level 7 in Unarmed Combat
  8011 | D:7      | Found a flagged portal.
  8082 | D:7      | Killed from afar by an orc priest

Illustrated notes

Levels and vault maps discovered:
D:1:      lightli_arrival_quake, layout_loops_cross,
          hellmonk_ecumenical_altar_heavens_door, serial_shops, shop,
          serial_bayou_ford_a
D:2:      layout_rooms, minivault_26
D:3:      layout_basic, nicolae_qazlal_eye_of_the_storm, elyvilon_altar_3,
          amcnicky_altar_lugonu_corruption, uniq_jessica, uniq_natasha
D:4:      layout_basic, general_overflow_altar, tso_oasis_becter, uniq_edmund
D:5:      layout_loops_ring, cheibriados_altar_1, gup_sewer_entry_spiral,
          uniq_ijyb
D:6:      layout_loops_cross, minmay_stone_trees_medium, serial_park_tiny_2
D:7:      layout_rooms, grunt_gozag_breadcrumbs,
          minmay_temple_entry_proselytizer, enter_bailey_2, serial_curves,
          eino_curves_01, eino_curves_04

Skill      XL: |  1  2  3  4  5  6  7  8 |
---------------+-------------------------+-----
Spellcasting   | 1 2 3 |  3.9
Unarmed Combat | 1 2 3 5 6 7 |  7.6
Fighting       | 2 3 4 |  4.7
Dodging        | |  2.3
Stealth        | |  1.3
Evocations     | |  3.2

Action                   |  1- 3 |  4- 6 |  7- 9 || total
-------------------------+-------+-------+-------++-------
Melee: Unarmed           |   111 |   110 |   150 ||   371
       Constrict         |    30 |    28 |    27 ||    85
       Tentacles         |    23 |    20 |    36 ||    79
       Punch             |     4 |     2 |     6 ||    12
Evoke: Wand              |     1 |    20 |    11 ||    32
 Stab: Sleeping          |    12 |     3 |     8 ||    23
       Distracted        |       |       |     1 ||     1
Armor: Skin              |     6 |     9 |     7 ||    22
Dodge: Dodged            |    69 |    82 |    67 ||   218
